 Dungeon Crawl Stone Soup version 0.26.1-11-gd32895ea62 (webtiles) character file.

Game seed: 15504129918709987288

108055 ABBCCCDDDD the Grappler (level 16, -1/145 HPs)
             Began as a Purple Draconian Transmuter on July 15, 2021.
             Was the Champion of Makhleb.
             Succumbed to a naga mage's poison arrow
             ... on level 1 of the Snake Pit.
             The game lasted 01:52:49 (44752 turns).

ABBCCCDDDD the Grappler (DrTm)                     Turns: 44752, Time: 01:52:50

Health: -1/145     AC: 16    Str: 21    XL:     16   Next: 1%
Magic:  23/26      EV: 12    Int: 16    God:    Makhleb [******]
Gold:   2084       SH: 13    Dex: 14    Spells: 6/19 levels left

rFire    + . .     SeeInvis .     - Unarmed
rCold    . . .     Faith    .   j - +0 kite shield
rNeg     . . .     Spirit   .   (armour unavailable)
rPois    .         Reflect  .   (helmet restricted)
rElec    .         Harm     .   S - +2 cloak {rCorr}
rCorr    +         Rampage  .   Y - +2 pair of gloves
Will     ++...                  J - +0 pair of boots
Stlth    +.........             (no amulet)
HPRegen  0.34/turn              i - +6 ring of strength
MPRegen  0.20/turn              A - ring of protection from fire

@: lethally poisoned (-1 -> -22)
A: breathe power, unfitting armour, cold-blooded, AC +9
a: Breathe Dispelling Energy, Renounce Religion, Minor Destruction, Lesser
Servant of Makhleb, Major Destruction, Greater Servant of Makhleb


You were on level 1 of the Snake Pit.
You worshipped Makhleb.
Makhleb was exalted by your worship.
You visited 4 branches of the dungeon, and saw 23 of its levels.
You also visited: Ossuary.

You collected 2084 gold pieces.

Inventory:

Hand Weapons
 q - a +2 antimagic morningstar
 B - a +3 scimitar of flaming
 C - the cursed +1 spear "Dauqihoh" {elec, rF+}
   (You found it on level 7 of the Dungeon)

   Occasionally, upon striking a foe, it can discharge electrical energy and
   cause terrible harm.
   It protects you from fire.
   It has a curse placed upon it.
 D - the +0 double sword "Recsoj" {speed, rElec Int+6}
   (You acquired it in an ossuary)

   Attacks with this weapon are significantly faster.
   It affects your intelligence (+6).
   It insulates you from electricity.
 G - the +5 shortbow of Destiny {freeze, rPois Will+ Dex-2}
   (You found it in an ossuary)

   It causes projectiles fired from it to freeze those they strike, causing
   extra injury to most foes and up to half again as much damage against
   particularly susceptible opponents.
   They can also slow down cold-blooded creatures.
   It affects your dexterity (-2).
   It protects you from poison.
   It affects your willpower, your defense against some magical effects.
 I - the +7 broad axe "Ylew" {vorpal, rPois Str+6}
   (You found it on level 6 of the Lair of Beasts)

   It inflicts extra damage upon your enemies.
   It affects your strength (+6).
   It protects you from poison.
Missiles
 a - 16 boomerangs of dispersal
 b - 608 stones (quivered)
 U - 66 poisoned darts
 W - 2 throwing nets
Armour
 j - a +0 kite shield (worn)
 J - a +0 pair of boots (worn)
 S - a +2 cloak of preservation (worn)
 Y - a +2 pair of gloves (worn)
Jewellery
 i - a +6 ring of strength (left hand)
 A - a ring of protection from fire (right hand)
 V - an uncursed ring of ice
 X - an uncursed ring of positive energy
Wands
 e - a wand of disintegration (6)
 p - a wand of polymorph (6)
 s - a wand of enslavement (2)
 K - a wand of random effects (40)
 M - a wand of paralysis (7)
 Q - a wand of flame (47)
Scrolls
 c - 5 scrolls of immolation
 d - 7 scrolls of amnesia
 h - 12 scrolls of remove curse
 o - 5 scrolls of fear
 t - 6 scrolls of fog
 u - 2 scrolls of brand weapon {unknown}
 v - 3 scrolls of teleportation
 y - 3 scrolls of enchant armour
 H - 2 scrolls of noise {unknown}
 N - a scroll of holy word {unknown}
 O - a scroll of blinking {unknown}
 P - 4 scrolls of enchant weapon {unknown}
 R - a scroll of summoning
 T - a scroll of magic mapping
Potions
 f - 5 potions of flight
 g - 8 potions of curing
 k - 4 potions of mutation
 l - 2 potions of resistance
 m - 3 potions of might
 n - 4 potions of heal wounds
 r - 4 potions of attraction
 w - a potion of cancellation
 x - 3 potions of haste
 z - 3 potions of brilliance
 E - 2 potions of berserk rage
 F - 4 potions of magic {unknown}
 L - 3 potions of lignification


   Skills:
 + Level 13.8 Fighting
 - Level 1.7 Dodging
 - Level 12.0 Shields
 * Level 14.8 Unarmed Combat
 - Level 2.4 Spellcasting
 - Level 6.0 Summonings
 - Level 3.0 Transmutations
 - Level 8.0 Ice Magic
 - Level 14.0 Invocations
 - Level 8.0 Evocations


You had 6 spell levels left.
You knew the following spells:

 Your Spells              Type           Power        Failure   Level
a - Beastly Appendage     Tmut           22%          9%          1
b - Wereblood             Tmut           11%          13%         2
c - Ozocubu's Armour      Ice            27%          3%          3
d - Frozen Ramparts       Ice            54%          3%          3
e - Summon Ice Beast      Ice/Summ       24%          16%         4

Your spell library contained the following spells:

 Spells                   Type           Power        Failure   Level
 Freeze                   Ice            100%         1%          1
 Summon Small Mammal      Summ           84%          2%          1
 Call Imp                 Summ           21%          3%          2
 Call Canine Familiar     Summ           21%          8%          3
 Summon Guardian Golem    Hex/Summ       11%          26%         3
 Animate Skeleton         Necr           2%           28%         1
 Corona                   Hex            1%           28%         1
 Pain                     Necr           4%           28%         1
 Ice Form                 Ice/Tmut       19%          30%         4
 Poisonous Vapours        Pois/Air       2%           41%         2
 Spider Form              Tmut/Pois      3%           43%         3
 Ignite Poison            Fire/Tmut/Pois 5%           50%         3
 Hailstorm                Conj/Ice       14%          50%         4
 Summon Lightning Spire   Summ/Air       11%          63%         4
 Teleport Other           Tloc           1%           65%         3
 Vampiric Draining        Necr           0%           65%         3
 Metabolic Englaciation   Hex/Ice        7%           83%         5
 Blade Hands              Tmut           5%           93%         5
 Summon Forest            Summ/Tloc      5%           93%         5
 Animate Dead             Necr           0%           96%         4
 Cause Fear               Hex            0%           96%         4
 Dispel Undead            Necr           1%           96%         4
 Passage of Golubria      Tloc           N/A          96%         4
 Agony                    Necr           1%           100%        5
 Silence                  Hex/Air        0%           100%        5
 Freezing Cloud           Conj/Ice/Air   5%           100%        6


Dungeon Overview and Level Annotations

Branches:
Dungeon (14/15)            Temple (0/1) D:7            Lair (6/6) D:8
 Shoals (0/4) Lair:2        Snake (1/4) Lair:4        Slime (0/5) Lair:5
    Orc (2/2) D:12            Elf (0/3) Orc:2        Vaults (0/5) D:13
Ossuary (visited)

Altars:
Ashenzari
Cheibriados
Dithmenos
Fedhas
Gozag
Hepliaklqana
Kikubaaqudgha
Makhleb
Okawaru
Trog
Vehumet
Wu Jian
Xom
Yredelemnul
The Shining One
Beogh
Jiyva

Shops:
D:4 [   D:7 (   D:10 (   D:13 [   Orc:1 =   Orc:2 =:!(

Annotations:
D:4 1 runed translucent door, Statics's ghost, weakling DsHu
D:11 Harold
D:14 Jorgrun
Lair:5 1 runed translucent door


Innate Abilities, Weirdness & Mutations

You can breathe bolts of dispelling energy.
Your rich purple scales are hard. (AC +9)
You cannot fit into any form of body armour.
You are cold-blooded and may be slowed by cold attacks.


Message History

You feel sick.
You feel sick.
You feel sick.
You feel sick.
You feel sick. The naga mage spits poison at you.
The splash of poison hits you but does no damage.
You are more poisoned.
The naga mage gestures at you while chanting.
The bolt of poison misses you.
You feel sick.
You feel sick.
You feel sick.
The naga mage points at you and mumbles some strange words.
The poison arrow hits you!!
You are more poisoned.
* * * LOW HITPOINT WARNING * * *
Your horns disappear.
Your talons disappear.
Your +0 pair of boots unmelds from your body.
You die...

#......$.#.....##..#######.##
##########......#.## #...#..#
NN....N...........####...##.#
..#..##..................##.####
N.##N##..N.....##......#.......#
..##.#...N.....##.###..#..###..##
#)...#.##..............)N....#...
##..NN.#.N.N......#######....#.##
...>...#.#######@)### ##.....##
.........# #....# ###.#.....
..(....##### #....# #....#..##
.....(.....## #....####...|#....
.......###).# #...............#.
.......# ##.# #....###......#...
.......# #.# ##....# #.........#
...##### #.###....)###..........
...# #####.........[##........#.


You could see 3 naga magi and a naga.

Vanquished Creatures
  2 orc warlords (Orc:1)
  An ettin (Orc:1)
  Josephine (D:14)
  A hydra (Lair:6)
  2 boulder beetles
  Erolcha (D:10)
  5 naga warriors (Snake:1)
  5 centaur warriors
  A vault guard (D:13)
  2 anacondas (Snake:1)
  7 death yaks (D:8)
  3 ogre magi (Orc:2)
  13 two-headed ogres
  Erica (D:8)
  Urug (D:11)
  2 orc high priests (Orc:1)
  2 shock serpents (Snake:1)
  A naga sharpshooter (Snake:1)
  Nergalle (Lair:1)
  5 skeletal warriors (D:14)
  An unseen horror (D:13)
  2 naga ritualists (Snake:1)
  An orc knight (Orc:1)
  A lindwurm (Lair:6)
  4 mana vipers (Snake:1)
  2 deep elf magi (D:14)
  3 salamanders (Snake:1)
  15 ugly things
  2 orc sorcerers (Orc:1)
  2 cyclopes
  Maurice (D:10)
  14 elephants
  2 manticores
  A guardian serpent (Snake:1)
  A torpor snail (Lair:6)
  Psyche (D:11)
  4 naga magi (Snake:1)
  13 black mambas
  Joseph (D:9)
  6 cane toads
  A gargoyle (D:14)
  4 komodo dragons
  2 rime drakes
  An efreet (D:14)
  2 tengu conjurers
  5 polar bears (Lair:6)
  6 hornets
  7 trolls
  17 blink frogs
  14 slime creatures
  4 dream sheep (Lair:6)
  A harpy skeleton (D:13)
  2 shadows (D:12)
  12 spriggans (Lair:6)
  23 yaks
  5 wyverns
  5 wraiths (D:14)
  5 basilisks
  A steam dragon (D:8)
  Eustachio (D:5)
  Menkaure (D:6)
  6 vampire mosquitoes (D:14)
  6 wargs
  11 nagas
  Edmund (D:5)
  A soldier ant (D:11)
  An acid dragon (D:14)
  10 water moccasins
  A two-headed ogre zombie (D:12)
  21 orc warriors
  5 ice beasts
  6 black bears
  3 phantoms
  3 sky beasts
  32 wolves
  28 ogres
  4 necrophages
  3 boggarts (Lair:6)
  30 centaurs
  5 big kobolds
  2 nameless horrors (Orc:1)
  17 bullfrogs
  5 scorpions
  3 troll zombies (D:12)
  18 wights
  An electric eel (Lair:2)
  3 howler monkeys
  2 bullfrog zombies
  2 human zombies (Ossuary)
  4 quasits
  20 orc priests
  4 centaur zombies
  A hound (D:7)
  Crazy Yiuf (D:6)
  A bullfrog skeleton (D:9)
  5 centaur skeletons
  4 jellies
  20 orc wizards
  4 worker ants
  2 iguanas
  A big kobold zombie (Ossuary)
  4 ogre zombies (D:12)
  4 hound skeletons
  2 mummies (Ossuary)
  2 worker ant zombies
  18 adders
  3 shadow imps
  A white imp (D:5)
  An ufetubus (D:9)
  An ooze (D:1)
  2 adder zombies (Ossuary)
  5 worms
  4 dart slugs
  7 leopard geckos
  105 orcs
  7 giant cockroaches
  8 goblins
  9 hobgoblins
  3 jackals (D:2)
  30 kobolds
  7 quokkas
  2 ball pythons (D:4)
  7 bats
  11 frilled lizards
  A goblin skeleton (D:12)
  5 goblin zombies
  A hobgoblin skeleton (D:12)
  14 hobgoblin zombies
  2 jackal zombies
  7 kobold zombies (Ossuary)
  A leopard gecko skeleton (D:5)
  4 orc skeletons (D:12)
  20 orc zombies
  13 rats
  2 rat zombies (Ossuary)
  A spectral orc (D:7)
864 creatures vanquished.

Vanquished Creatures (collateral kills)
  2 two-headed ogres
  An ogre mage (Orc:1)
  2 ogres (Orc:2)
  2 orc wizards
  An orc (D:9)
8 creatures vanquished.

Vanquished Creatures (others)
  A yak (Lair:3)
  An orc warrior (D:9)
  3 orcs
  37 fungi
  40 plants
82 creatures vanquished.

Grand Total: 954 creatures vanquished

Notes
Turn   | Place    | Note
-------+----------+-------------------------------------------
     0 | D:1      | ABBCCCDDDD the Draconian Transmuter began the quest for the
                  | Orb.
     0 | D:1      | Reached XP level 1. HP: 16/16 MP: 3/3
   385 | D:1      | Reached XP level 2. HP: 23/23 MP: 5/5
   946 | D:1      | Reached XP level 3. HP: 24/29 MP: 4/6
  2011 | D:2      | Reached XP level 4. HP: 36/36 MP: 5/7
  2141 | D:2      | Learned a level 2 spell: Wereblood
  2361 | D:2      | Found a broken altar of Ashenzari.
  2817 | D:3      | Found a radiant altar of Vehumet.
  2818 | D:3      | Found a shadowy altar of Dithmenos.
  2852 | D:3      | Found an ornate altar of the Wu Jian Council.
  2883 | D:3      | Reached skill level 1 in Shields
  3177 | D:3      | Reached XP level 5. HP: 41/42 MP: 8/8
  4027 | D:4      | Noticed an ogre
  4070 | D:3      | Reached skill level 5 in Unarmed Combat
  4099 | D:4      | Reached XP level 6. HP: 38/51 MP: 9/9
  5206 | D:4      | Found Onlam's Antique Armour Shop.
  5515 | D:4      | Found a runed translucent door.
  5516 | D:4      | Noticed Statics's ghost (weakling DsHu)
  5768 | D:5      | Entered Level 5 of the Dungeon
  5781 | D:4      | Your scales start taking on a rich purple colour.
  5781 | D:4      | Reached XP level 7. HP: 51/58 MP: 7/10
  6557 | D:6      | Noticed Edmund
  6557 | D:6      | Noticed Menkaure
  6558 | D:6      | Noticed Eustachio
  7346 | D:5      | Killed Eustachio
  7347 | D:5      | Reached skill level 5 in Fighting
  7347 | D:5      | Reached skill level 1 in Evocations
  7347 | D:5      | Reached XP level 8. HP: 66/68 MP: 11/11
  7919 | D:6      | Found a snail-covered altar of Cheibriados.
  8337 | D:6      | Found a runed translucent door.
  8338 | D:6      | Noticed Crazy Yiuf
  8406 | D:5      | Killed Edmund
  8407 | D:5      | Reached skill level 5 in Shields
  8871 | D:6      | Killed Menkaure
  8904 | D:6      | Found a hazy altar of Hepliaklqana.
  8910 | D:6      | Found a shimmering altar of Xom.
  8913 | D:6      | Found a burning altar of Makhleb.
  8917 | D:6      | Became a worshipper of Makhleb the Destroyer
  9144 | D:7      | Found Waybreij's Antique Weapon Boutique.
  9248 | D:7      | Found a basalt altar of Yredelemnul.
  9306 | D:7      | Found a staircase to the Ecumenical Temple.
  9355 | D:7      | Reached XP level 9. HP: 74/74 MP: 12/12
  9369 | D:7      | Got a transparent spear
  9370 | D:7      | Identified the cursed +1 spear "Dauqihoh" {elec, rF+} (You
                  | found it on level 7 of the Dungeon)
  9544 | D:7      | Reached skill level 5 in Evocations
 10199 | D:8      | Noticed a death yak
 10201 | D:8      | Reached * piety under Makhleb
 10545 | D:8      | Found a sand-covered staircase.
 10551 | D:8      | Noticed Erica
 10554 | Ossuary  | Entered an ossuary
 10717 | Ossuary  | Reached ** piety under Makhleb
 10724 | Ossuary  | Got a translucent shortbow
 10850 | Ossuary  | Identified the +5 shortbow of Destiny {freeze, rPois Will+
                  | Dex-2} (You found it in an ossuary)
 10858 | Ossuary  | Identified a scroll of acquirement
 10859 | Ossuary  | Acquired the +0 double sword "Recsoj" {speed, rElec Int+6}
 10867 | D:8      | You fall into a shaft and drop 3 floors!
 10921 | D:10     | Entered Level 10 of the Dungeon
 11040 | D:9      | Found an opulent altar of Gozag.
 11096 | D:10     | Noticed Erolcha
 11368 | D:9      | Noticed Joseph
 11582 | D:9      | Killed Joseph
 11582 | D:9      | Reached *** piety under Makhleb
 11685 | D:9      | Found a glowing golden altar of the Shining One.
 11813 | D:9      | Reached XP level 10. HP: 65/81 MP: 13/13
 11918 | D:9      | Found a blossoming altar of Fedhas.
 11951 | D:8      | Noticed a death yak
 11978 | D:8      | Noticed a death yak
 11978 | D:8      | Noticed a death yak
 11978 | D:8      | Noticed a death yak
 11978 | D:8      | Noticed a death yak
 11978 | D:8      | Noticed a death yak
 11978 | D:8      | Noticed a death yak
 12283 | D:8      | Learned a level 3 spell: Ozocubu's Armour
 12390 | D:8      | Reached skill level 1 in Ice Magic
 13010 | D:8      | Reached **** piety under Makhleb
 13029 | D:8      | Found a staircase to the Lair.
 13127 | D:8      | Reached skill level 10 in Shields
 13486 | D:10     | Noticed Maurice
 13497 | D:10     | Killed Maurice
 13859 | D:10     | Killed Erolcha
 13860 | D:10     | Reached skill level 5 in Ice Magic
 14238 | D:10     | Found Aneosez's Weapon Shop.
 14457 | D:11     | Noticed a manticore
 15586 | D:10     | Killed a manticore
 15587 | D:10     | Reached XP level 11. HP: 28/89 MP: 14/14
 16002 | D:11     | Noticed Psyche
 16122 | D:11     | Killed Psyche
 16340 | D:11     | Noticed a red ugly thing
 16353 | D:11     | Noticed Urug
 16354 | D:11     | HP: 4/89 [Urug/javelin (24)]
 16811 | D:11     | Noticed Harold
 17901 | D:6      | Killed Crazy Yiuf
 18761 | Lair:1   | Entered Level 1 of the Lair of Beasts
 19010 | Lair:1   | Noticed Nergalle
 19015 | Lair:1   | Killed Nergalle
 19485 | Lair:2   | Found a staircase to the Shoals.
 20220 | Lair:2   | Reached skill level 10 in Unarmed Combat
 20234 | Lair:2   | Learned a level 3 spell: Frozen Ramparts
 21363 | Lair:3   | Reached ***** piety under Makhleb
 21364 | Lair:3   | Reached XP level 12. HP: 53/103 MP: 8/15
 23119 | Lair:4   | Noticed a boulder beetle
 23257 | Lair:4   | Killed a boulder beetle
 23513 | Lair:4   | Noticed an eight-headed hydra
 23808 | Lair:4   | Reached skill level 10 in Fighting
 23808 | Lair:4   | Reached skill level 1 in Invocations
 24019 | Lair:4   | Found a staircase to the Snake Pit.
 25026 | Lair:5   | Found a runed translucent door.
 25040 | Lair:5   | Learned a level 4 spell: Summon Ice Beast
 25051 | Lair:5   | Found a viscous altar of Jiyva.
 25051 | Lair:5   | Found a staircase to the Slime Pits.
 25051 | Lair:5   | Noticed an azure jelly
 25052 | Lair:5   | Noticed an azure jelly
 25429 | Lair:5   | Reached skill level 1 in Summonings
 25429 | Lair:5   | Reached XP level 13. HP: 96/116 MP: 9/16
 25444 | Lair:5   | Reached skill level 5 in Invocations
 26066 | Lair:6   | Entered Level 6 of the Lair of Beasts
 26237 | Lair:6   | Identified the Reference Book on the Voyage and Execration
 27292 | Lair:6   | Got an ichor-stained broad axe
 27293 | Lair:6   | Identified the +7 broad axe "Ylew" {vorpal, rPois Str+6}
                  | (You found it on level 6 of the Lair of Beasts)
 28112 | Lair:6   | Identified the Incunabulum of Flying Poisoning
 28387 | Lair:6   | Identified the Handbook of Evil Arts and the Snowflakes
 28463 | Lair:6   | Reached ****** piety under Makhleb
 29324 | D:8      | Reached skill level 5 in Summonings
 29628 | D:8      | Killed Erica
 29701 | D:8      | Found an iron altar of Okawaru.
 30498 | D:11     | Killed Urug
 31550 | D:12     | Reached XP level 14. HP: 126/126 MP: 17/21
 32001 | D:12     | Found a staircase to the Orcish Mines.
 32250 | D:12     | Reached skill level 10 in Invocations
 32830 | Orc:1    | Entered Level 1 of the Orcish Mines
 33246 | Orc:1    | Found Biqipof's Jewellery Boutique.
 33872 | Orc:1    | Noticed an orc warlord
 34237 | Orc:1    | Killed an orc warlord
 34485 | Orc:1    | Noticed an orc warlord
 34556 | Orc:1    | Killed an orc warlord
 34786 | Orc:1    | Found a roughly hewn altar of Beogh.
 34932 | Orc:2    | Entered Level 2 of the Orcish Mines
 34932 | Orc:2    | Found a staircase to the Elven Halls.
 35113 | Orc:2    | Found a bloodstained altar of Trog.
 36857 | Orc:2    | Found Qubriv's Jewellery Emporium.
 36858 | Orc:2    | Found Jinilih's Book Shop.
 36858 | Orc:2    | Found Famuutal's Weapon Shoppe.
 36858 | Orc:2    | Found Ijusiam's Distillery.
 37449 | D:13     | Found a gate to the Vaults.
 37595 | D:13     | Reached XP level 15. HP: 133/133 MP: 20/25
 37632 | D:13     | Found Niphisus's Armour Shop.
 38901 | D:14     | Noticed Jorgrun
 39919 | D:14     | Noticed Josephine
 39934 | D:14     | Killed Josephine
 40247 | D:14     | Found an ancient bone altar of Kikubaaqudgha.
 41585 | Snake:1  | Entered Level 1 of the Snake Pit
 44649 | Snake:1  | Reached XP level 16. HP: 145/145 MP: 21/26
 44751 | Snake:1  | HP: 1/145 [naga mage/poison arrow (31)]
 44752 | Snake:1  | Succumbed to a naga mage's poison arrow

Illustrated notes

Levels and vault maps discovered:
D:1:      minmay_arrival_up_and_down, layout_basic, minmay_close_crescents
D:2:      layout_basic, ashenzari_conservatory_becter, serial_aquarium,
          aquarium_bridge_long_separate [aquarium_subvault_wall,
          aquarium_subvault_bridge, aquarium_subvault_wall,
          aquarium_subvault_bridge, aquarium_subvault_window,
          aquarium_subvault_bridge], aquarium_window_1, aquarium_window_fake,
          aquarium_window_2, aquarium_window_fake, aquarium_view_2a,
          aquarium_view_2f, aquarium_pool_S
D:3:      minmay_bubble_buster, layout_loops_ring,
          nicolae_overflow_crystal_walls,
          chequers_temple_overflow_statue_of_worship, grunt_ministairs_5
D:4:      layout_basic, serial_shops, kennysheep_mini_moat,
          ebering_ghost_reflecting_pool
D:5:      layout_cave_pools
D:6:      layout_loops_ring, cheibrodos_worm_habitat,
          grunt_temple_overflow_diamond, uniq_eustachio, uniq_edmund,
          uniq_menkaure, uniq_crazy_yiuf_cottage
D:7:      layout_basic, yredelemnul_forgotten_temple_becter,
          minmay_temple_entry_glassed_door, serial_shops,
          nicolae_shop_window_shopping, serial_aquarium,
          aquarium_bridge_long_separate [aquarium_subvault_wall,
          aquarium_subvault_bridge, aquarium_subvault_wall,
          aquarium_subvault_bridge, aquarium_subvault_bridge,
          aquarium_subvault_bridge], aquarium_window_1, aquarium_window_fake,
          aquarium_view_2d, aquarium_view_2f
D:8:      layout_cave_pools, lemuel_coloured_pillars_altar, dpeg_lair_monsters,
          enter_ossuary_1, uniq_erica
D:9:      layout_roguey, nicolae_overflow_hidden_temple, tso_oasis_becter,
          overflow_temple_1_default, uniq_joseph
D:10:     layout_gridville, serial_shops, shop, uniq_erolcha, uniq_maurice
D:11:     layout_cave_pods, portal_ice_cave_entry_pillars_1,
          minmay_unpleasant_kobolds, uniq_urug, uniq_psyche, uniq_harold
D:12:     layout_loops_ring, zombieorc2_lemuel
D:13:     layout_stronghold, david_vaults_5, serial_shops, shop,
          lemuel_flamethrower_1
D:14:     layout_long_grid, basic_altar, serial_rivers,
          chequers_serial_rivers_micro_a, chequers_serial_rivers_small_a,
          chequers_serial_rivers_large_b, chequers_serial_rivers_large_a,
          uniq_josephine, uniq_jorgrun
Lair:1:   layout_regular_city, uniq_nergalle
Lair:2:   layout_misc_corridors, minmay_shoals_entry_centaurs,
          serial_bayou_shore_a
Lair:3:   layout_cave_pods, gauntlet_entry_generic
Lair:4:   layout_cave_shapes, guppyfry_snake_entry_garden, st_stairs_7
Lair:5:   layout_cave_shapes, slime_altar_2, grunt_megastairs_4,
          lemuel_fruit_fields, serial_bayou_shore_b
Lair:6:   minmay_lair_end_enchanted_forest, layout_hall_layers
Snake:1:  layout_rooms, guppyfry_library_mini
Orc:1:    layout_diamond_mine, serial_shops, shop_statue, minmay_orc_temple_c
Orc:2:    st_orc_ogre_mass, layout_caves, basic_altar

Skill      XL: |  1  2  3  4  5  6  7  8  9 10 11 12 13 14 15 |
---------------+----------------------------------------------+-----
Fighting       | 2 3 5 6 8 11 12 13 | 13.8
Unarmed Combat | 4 5 6 7 8 11 12 14 | 14.8
Shields        | 1 2 4 5 9 10 11 12 | 12.0
Transmutations | 3 |  3.0
Evocations     | 1 4 5 7 8 |  8.0
Ice Magic      | 7 8 |  8.0
Invocations    | 4 9 13 14 | 14.0
Summonings     | 1 6 |  6.0
Dodging        | |  1.7
Spellcasting   | |  2.4

Action                   |  1- 3 |  4- 6 |  7- 9 | 10-12 | 13-15 | 16-18 || total
-------------------------+-------+-------+-------+-------+-------+-------++-------
Melee: Unarmed           |   134 |   258 |   440 |   825 |  1811 |    20 ||  3488
       Tailslap          |     9 |    25 |    61 |   133 |   347 |     4 ||   579
       Headbutt          |    12 |    17 |    24 |    60 |    44 |     1 ||   158
       Kick              |     7 |    35 |    55 |    88 |    59 |     4 ||   248
       Punch             |     1 |     5 |     1 |       |       |       ||     7
       Double sword      |       |       |       |     6 |       |       ||     6
Throw: Stone             |       |     4 |     3 |     6 |     1 |       ||    14
 Cast: Beastly Appendage |    15 |    39 |    22 |    40 |    20 |     1 ||   137
       Wereblood         |       |     6 |     4 |     6 |     3 |       ||    19
       Ozocubu's Armour  |       |       |       |    31 |   106 |     1 ||   138
       Frozen Ramparts   |       |       |       |    30 |   153 |     2 ||   185
       Summon Ice Beast  |       |       |       |       |    18 |       ||    18
 Abil: Breathe Dispellin |       |       |    16 |    27 |    23 |     1 ||    67
Evoke: Wand              |       |     5 |     9 |    30 |    31 |       ||    75
  Use: Scroll            |       |       |    15 |     7 |    13 |       ||    35
       Potion            |       |       |       |       |     1 |       ||     1
 Stab: Paralysed         |       |       |       |     9 |     8 |       ||    17
       Distracted        |       |       |       |     1 |     1 |       ||     2
       Sleeping          |       |       |       |     1 |     1 |       ||     2
Armor: Skin              |    34 |    95 |    83 |   179 |   438 |     4 ||   833
Dodge: Dodged            |    71 |   158 |   139 |   260 |   511 |    10 ||  1149
Block: Kite shield       |     2 |       |   175 |   481 |   925 |    17 ||  1600
